 Dungeon Crawl Stone Soup version 0.14-a0-2400-gb2944a8 (webtiles) character file.

1267 Misa the Skirmisher (level 8, -3/81 HPs)
             Began as a Gargoyle Berserker on Feb 3, 2014.
             Was a High Priest of Trog.
             Slain by a troll (5 damage)
             ... on Level 6 of the Dungeon.
             The game lasted 00:16:23 (3986 turns).

Misa the Skirmisher (Gargoyle Berserker)            Turns: 3986, Time: 00:16:23

HP  -3/81        AC 10     Str 29      XL: 8   Next: 29%
MP   8/8         EV 12     Int  7      God: Trog [*****.]
Gold 192         SH  0     Dex  9      Spells:  0 memorised,  7 levels left

rFire  . . .     SeeInvis +     D - +0,+2 war axe (chop)
rCold  . . .     Clarity  .     b - +0 animal skin
rNeg   + + .     Conserve .     (no shield)
rPois  +         rCorr    +     (no helmet)
rElec  +         rRot     +     k - +1 cloak
SustAb . .       Spirit   .     (no gloves)
rMut   .         Warding  .     N - +0 pair of boots
Saprov . . .     Stasis   .     o - amulet of resist corrosion
MR     .....                    L - cursed ring of positive energy
                                p - ring of see invisible

@: berserking, very quick, not resistant to hostile enchantments, extremely
unstealthy
A: life protection 1, electricity resistance, unbreathing, petrification
resistance, AC +5
a: Burn Spellbooks, Berserk, Trog's Hand, Brothers in Arms, Renounce Religion


You were on level 6 of the Dungeon.
You worshipped Trog.
Trog was extremely pleased with you.
You were hungry.

You visited 1 branch of the dungeon, and saw 6 of its levels.

You collected 192 gold pieces.

Inventory:

Hand weapons
 t - a +1,+3 dwarven war axe
 D - a +0,+2 war axe of chopping (weapon)
 J - the -1,+3 hand axe of Kayt Roi {chop, Dex-1}
   (You found it on level 5 of the Dungeon)

   It inflicts extra damage upon your enemies.
   It affects your dexterity (-1).
Armour
 b - a +0 animal skin (worn)
 k - a +1 cloak (worn)
 A - a +0 cloak
 N - a +0 pair of boots (worn)
Magical devices
 l - a wand of flame (9) {unknown}
 G - a wand of paralysis (16) {unknown}
 O - a wand of teleportation (3)
Comestibles
 c - 3 bread rations
 f - a meat ration
 m - a sausage
 r - a beef jerky
 v - an apple
 w - a pear
 B - a cheese
 Q - a rambutan
Scrolls
 g - a scroll of noise {unknown}
 h - 3 scrolls of remove curse
 i - a scroll of curse armour {unknown}
 j - a scroll of recharging {unknown}
 s - 2 scrolls of enchant weapon II {unknown}
 x - a scroll of enchant armour {unknown}
 y - a scroll of magic mapping {unknown}
 C - a scroll of enchant weapon I {unknown}
 E - a scroll of immolation {unknown}
 F - 2 scrolls of fog {unknown}
 H - a scroll of identify
 I - 2 scrolls of teleportation {unknown}
Jewellery
 o - an amulet of resist corrosion (around neck)
 p - a ring of see invisible (left hand)
 L - a cursed ring of positive energy (right hand)
 R - an uncursed amulet of resist mutation
Potions
 a - 2 potions of resistance
 d - 2 potions of curing {unknown}
 e - a potion of lignification {unknown}
 n - 2 potions of poison {unknown}
 q - a potion of magic {unknown}
 z - 3 potions of might {unknown}
 M - a potion of paralysis {unknown}
 P - a potion of invisibility {unknown}
Books
 u - a book of Hinderance

   Spells                             Type                      Level
   Confusing Touch                    Hexes                        1
   Slow                               Hexes                        2
   Confuse                            Hexes                        3
   Petrify                            Transmutation/Earth          4
   Leda's Liquefaction                Hexes/Earth                  4
   Metabolic Englaciation             Hexes/Ice                    6
   Trog disapproves of the use of such an item.


   Skills:
 + Level 7.9 Fighting
 + Level 6.6 Axes
 - Level 2.5 Armour
 - Level 1.9 Dodging


You had 7 spell levels left.
You didn't know any spells.

Dungeon Overview and Level Annotations

Branches:
Dungeon (6/16)             Temple (0/1) D:5

Altars:
Ashenzari


Innate Abilities, Weirdness & Mutations

You are resistant to torment.
You are immune to poison.
Your stone body is very resilient (AC +5).
You resist negative energy.
You are resistant to electric shocks.
You can survive without breathing.
You are immune to petrification.


Message History

The troll barely misses you. The troll claws you.
You slash the troll!
The troll is heavily wounded.
The troll bites you. The troll misses you. The troll claws you!
* * * LOW HITPOINT WARNING * * *
You closely miss the troll.
The troll is heavily wounded.
You slash the troll!
The troll is severely wounded.
The troll bites you!
* * * LOW HITPOINT WARNING * * *
The troll claws you!
* * * LOW HITPOINT WARNING * * *
The troll closely misses you.
You slash the troll!
The troll is almost dead.
The troll barely misses you. The troll claws you but does no damage.
The troll claws you.
You die...

##.....###......###...< +
......................
#.###.....###.#..#.###....
#.......# #......#......
#.......# ###...####.##.
###.......#.#######.####....
..........#..............###
###.....#!#########......#
#.#.#.#.T@....# #......# #
#.#######.# #......# .. #.#
#......# #########.#
#....[.# .........###......#
.########....#...##
####.#.### #.....#
#.#####.#.###


You could see a troll.

Vanquished Creatures
  Eustachio (D:5)
  Edmund (D:5)
  Menkaure (D:5)
  An ice beast (D:5)
  An ogre (D:5)
  A phantom (D:5)
  A hound (D:3)
  3 crimson imps
  A centaur zombie (D:5)
  2 worker ants
  3 gnolls (D:4)
  7 adders
  A lemure (D:5)
  A green rat (D:5)
  A giant mite (D:3)
  A worm (D:3)
  An ufetubus (D:5)
  A giant eyeball (D:4)
  4 giant geckos
  An ooze (D:2)
  3 orcs
  10 goblins
  11 hobgoblins
  13 kobolds
  5 quokkas
  A ball python (D:1)
  A ball python skeleton (D:5)
  17 bats
  5 giant cockroaches
  3 giant newts
  A goblin skeleton (D:3)
  6 jackals
  2 orc skeletons
  An orc zombie (D:6)
  43 rats
156 creatures vanquished.

Notes
Turn   | Place    | Note
--------------------------------------------------------------
     0 | D:1      | Misa, the Gargoyle Berserker, began the quest for the Orb.
     0 | D:1      | Reached XP level 1. HP: 14/14 MP: 1/1
   236 | D:1      | Reached XP level 2. HP: 13/19 MP: 2/2
   536 | D:1      | Acquired Trog's second power
   544 | D:1      | Reached XP level 3. HP: 18/24 MP: 3/3
   959 | D:2      | Reached skill level 4 in Fighting
   983 | D:2      | Reached XP level 4. HP: 18/29 MP: 4/4
  1638 | D:3      | Reached XP level 5. HP: 18/34 MP: 5/5
  2031 | D:3      | Reached skill level 5 in Fighting
  2072 | D:3      | Acquired Trog's third power
  2300 | D:4      | Reached XP level 6. HP: 19/40 MP: 6/6
  2796 | D:5      | Entered Level 5 of the Dungeon
  2924 | D:5      | Reached skill level 5 in Axes
  2945 | D:5      | Got a fine hand axe
  2946 | D:5      | Identified the cursed -1,+3 hand axe of Kayt Roi {chop, Dex-1} (You found it on level 5 of the Dungeon)
  3021 | D:5      | Reached skill level 6 in Fighting
  3048 | D:5      | Reached XP level 7. HP: 25/47 MP: 7/7
  3216 | D:5      | Noticed Eustachio
  3240 | D:5      | Killed Eustachio
  3240 | D:5      | Reached skill level 7 in Fighting
  3268 | D:5      | Found a staircase to the Ecumenical Temple.
  3486 | D:5      | Noticed Menkaure
  3494 | D:5      | Killed Menkaure
  3494 | D:5      | Reached XP level 8. HP: 43/53 MP: 8/8
  3542 | D:5      | Noticed Edmund
  3554 | D:5      | Killed Edmund
  3886 | D:6      | Found a shattered altar of Ashenzari.
  3970 | D:6      | Noticed a troll
  3985 | D:6      | HP: 2/81 [troll (8)]
  3986 | D:6      | Slain by a troll

Action                   |  1- 3 |  4- 6 |  7- 9 || total
-------------------------+-------+-------+-------++-------
Melee: Hand axe          |   139 |    11 |       ||   150
       War axe           |       |   234 |   101 ||   335
Invok: Trog's Hand       |       |       |     1 ||     1
       Berserk           |       |       |     1 ||     1
  Use: Scroll            |     2 |     2 |     1 ||     5
